Unix NetHack Version 5.0.0-0 post-release - last build May 22 2026 02:22:16 (99d1c3b6dc4b13757aaa5824b55bdea4e1e63757,branch:main).

Game began 2026-05-22 04:49:21, ended 2026-05-22 18:03:47.

Haxasaurus, lawful male human Samurai

                                    ----------------------
    .-----          ..  0.............@...........%......|
    .<...--...--    .-  -------- -----o------#----------.|
    .---.......----..|      0.........[..............*.#..
        ----........0|      --------..------.---------.|).
              ------.|             |.|     |.        | |.-
                  --[|             -.      |           |.-
                --...|             |      .            |..
                |....|                    .            |..
                --...|                   .--           |..
                  --.|                   ...           |.-
                   |.|                  ...            |.|
                   |.| |                ..-           .|.|
                   |.|.|               ...|           0#.|
                   |.#.|           |   ....           .|.|
                   |.|0|           |. ....             |*|
                   |.|             -.0...              |%-
                   |.|              ...                |..
                   |.----------------#------------------..
                   |0.....)....[.........................|
                    --------------------------------------
Haxasaurus the Ninja   St:25 Dx:15 Co:18 In:8 Wi:10 Ch:11  Lawful
Dlvl:7  $:382 HP:0(66) Pw:26(26) AC:1  Xp:7/761 T:4693  Burdened

Latest messages:
 You hit the rock mole!
 You miss the rock mole.
 You miss the rock mole.
 You miss the rock mole.
 Goraibaneu of Uhaiabane throws an orcish dagger!
 The orcish dagger hits the rock mole.
 You miss the rock mole.
 You miss the rock mole.
 You miss the rock mole.
 You miss the rock mole.
 You kill the rock mole!
 Goraibaneu of Uhaiabane picks up a gunyoki.
 Goraibaneu of Uhaiabane misses!
 You kill Goraibaneu of Uhaiabane!
 You have a little trouble lifting $ - 61 gold pieces (382 in total).
 Pick a monster, object or location.
 You hit the orc-captain!
 You hit the orc-captain!
 The orc-captain swings her scimitar.
 The orc-captain hits!
 [HP -10, 55 left]
 The orc-captain swings her scimitar.
 The orc-captain hits again!
 [HP -7, 48 left]
 What do you want to put on? [M or ?*]
 Never mind.
 What do you want to wear? [O or ?*]
 You finish your dressing maneuver.
 You kill the orc-captain!
 The orc-captain swings her scimitar.
 The orc-captain hits!
 [HP -14, 34 left]
 The orc-captain swings her scimitar.
 The orc-captain hits again!
 [HP -13, 21 left]
 Haiaakh of Uhaiabane picks up a tanko.
 The orc-captain picks up 8 rocks.
 It picks up 26 gold pieces.
 The orc-captain swings her scimitar.
 The orc-captain hits!
 [HP -14, 8 left]
 The orc-captain swings her scimitar.
 The orc-captain hits again!
 [HP -14, -6 left]
 You die...
 Do you want your possessions identified? n
 Do you want to see your attributes? n
 Do you want an account of creatures vanquished? [ynaq] (y)
 Do you want to see your conduct and achievements? n
 Do you want to see the dungeon overview? n

Inventory:
 Coins    ('$')
  $ - 382 gold pieces
 Weapons  (')')
  d - 42 blessed +0 ya (in quiver)
  c - a +0 yumi
  S - the +2 Dragonbane
  a - a +0 katana (wielded in left hand)
  x - the rustproof +2 Snickersnee (wielded in right hand)
 Armor    ('[')
  h - an uncursed +0 orcish helm (being worn)
  O - an uncursed +0 pair of gauntlets of power (being worn)
  A - an uncursed +0 leather cloak (being worn)
  e - an uncursed rustproof +0 splint mail (being worn)
 Comestibles  ('%')
  s - 2 uncursed pears
  m - an uncursed lichen corpse
 Scrolls  ('?')
  p - a cursed scroll of amnesia
  J - an uncursed scroll of confuse monster
  k - an uncursed scroll of enchant armor
  P - a cursed scroll of enchant armor
  y - an uncursed scroll of gold detection
  W - a blessed scroll of identify
  B - 2 uncursed scrolls of identify
  I - 2 uncursed scrolls of light
  i - a cursed scroll of punishment
  Y - a blessed scroll of remove curse
  u - an uncursed scroll of remove curse
  z - an uncursed scroll of scare monster
  D - an uncursed scroll of scare monster
 Spellbooks  ('+')
  E - an uncursed spellbook of identify
 Potions  ('!')
  X - 2 uncursed potions of extra healing
  F - an uncursed potion of gain energy
  N - a cursed potion of healing
  T - a cursed potion of invisibility
  v - an uncursed potion of oil
  U - an uncursed potion of polymorph
  G - an uncursed potion of see invisible
  g - a potion of holy water
 Wands    ('/')
  f - a wand of striking (0:3)
 Tools    ('(')
  K - a can of grease (0:14)
  b - an uncursed skeleton key
  n - an uncursed skeleton key
  q - an uncursed stethoscope
  o - an uncursed tin opener
  M - an uncursed towel
 Gems/Stones  ('*')
  j - 2 uncursed worthless pieces of black glass
  Z - an uncursed worthless piece of green glass
  H - an uncursed worthless piece of red glass
  r - 2 uncursed worthless pieces of violet glass
  l - an uncursed worthless piece of yellow glass
  t - 11 uncursed rocks

Haxasaurus the Samurai's attributes:

Background:
 You were a Ninja, a level 7 male human Samurai.
 You were lawful, on a mission for Amaterasu Omikami
 who was opposed by Raijin (neutral) and Susanowo (chaotic).
 You were right-handed.
 You were in the Gnomish Mines, on level 7.
 You entered the dungeon 4693 turns ago.
 You had 761 experience points, 519 more were needed to attain level 8.

Basics:
 You had 0 out of 66 hit points.
 You had all 26 energy points (spell power).
 Your armor class was 1.
 Your wallet contained 382 zorkmids.
 Autopickup was on for '$"=/!?' plus thrown, with exceptions.

Final Characteristics:
 Your strength was 25 (base:15, innate limit:18/100).
 Your dexterity was 15 (limit:18).
 Your constitution was 18 (limit:18).
 Your intelligence was 8 (limit:18).
 Your wisdom was 10 (limit:18).
 Your charisma was 11 (limit:18).

Final Status:
 You weren't hungry.
 You were burdened; movement was slightly slowed.
 You were wielding two weapons at once.
 You had basic skill with long sword and two weapons.
 You could have enhanced skill with two weapons.

Final Attributes:
 You were piously aligned.
 You were warded.
 You were fast.
 You are dead.

Miscellaneous:
 You didn't encounter any bones levels.
 Total elapsed playing time was 47 minutes and 56 seconds.

Major events:
 Turn
    1: Haxasaurus the lawful male human Samurai entered the dungeon
  613: entered the Gnomish Mines
 1124: attained the rank of Ronin (level 3)
 1422: was bestowed with Snickersnee by Amaterasu Omikami
 3100: found Dragonbane on the floor
 3284: attained the rank of Ninja (level 6)
 4520: reached Mine Town
 4693: killed by an orc-captain

You didn't know any spells.

Skills:
 Fighting Skills
   martial arts      [Basic]
   two weapon combat [Basic]
   riding            [Unskilled]
 Weapon Skills
   dagger            [Unskilled]
   knife             [Unskilled]
   short sword       [Basic]
   broadsword        [Unskilled]
   long sword        [Basic]
   two-handed sword  [Unskilled]
   saber             [Unskilled]
   flail             [Unskilled]
   quarterstaff      [Unskilled]
   polearms          [Unskilled]
   spear             [Unskilled]
   lance             [Unskilled]
   bow               [Basic]
   shuriken          [Unskilled]
 Spellcasting Skills
   attack spells     [Unskilled]
   divination spells [Unskilled]
   clerical spells   [Unskilled]

Voluntary challenges:
 Character rerolling was not enabled.
 You were illiterate.
 You never genocided any monsters.
 You never polymorphed an object.
 You never changed form.
 You used no wishes.
Achievements:
 You entered the Gnomish Mines.
 You attained the rank of Ronin.
 You entered a shop.
 You attained the rank of Ninja.
 You entered Minetown.

 The Dungeons of Doom: levels 1 to 8
    Level 1:
       An altar to Amaterasu Omikami, some fountains.
    Level 2:
    Level 3:
       Some fountains.
       Stairs down to The Gnomish Mines.
    Level 4: "vault"
       Some fountains, a grave.
    Level 5:
       Some fountains.
    Level 6:
       Many shops, some fountains, some graves.
    Level 7:
       Many fountains.
       Oracle of Delphi.
    Level 8:
 The Gnomish Mines: levels 4 to 7
    Level 4:
    Level 5:
    Level 6:
    Level 7: <- You were here.
       Final resting place for
          you, killed by an orc-captain.


Vanquished creatures:
 an orc-captain
  a gold golem
  a jaguar
  a raven
  a snake
  a bugbear
 an imp
 an orc shaman
  a rock piercer
  a rock mole
  3 gnome leaders
  a red naga hatchling
 an elf zombie
  a straw golem
  5 giant ants
  2 little dogs
  a dwarf
  a homunculus
  a kobold shaman
  6 hill orcs
  a giant bat
  a wererat
  a werejackal
 an iguana
  a gas spore
  a hobgoblin
  5 giant rats
  2 yellow molds
  2 red molds
 17 gnomes
  3 geckos
  6 jackals
  a fox
  a kobold
  2 goblins
  6 sewer rats
  a grid bug
  5 bats
  7 lichens
  2 kobold zombies
  7 newts
105 creatures vanquished.

No species were genocided or became extinct.

Game over:
                       ----------
                      /          \
                     /    REST    \
                    /      IN      \
                   /     PEACE      \
                  /                  \
                  |    Haxasaurus    |
                  |      382 Au      |
                  |   killed by an   |
                  |   orc-captain    |
                  |                  |
                  |                  |
                  |       2026       |
                 *|     *  *  *      | *
        _________)/\\_//(\/(/\)/\//\/|_)_______

Sayonara Haxasaurus the Samurai...

You died in The Gnomish Mines on dungeon level 7 with 3748 points,
and 382 pieces of gold, after 4693 moves.
You were level 7 with a maximum of 66 hit points when you died.

